 Dungeon Crawl Stone Soup version 0.19.4-9-g45fd643 (webtiles) character file.

261 Gorglomux the Charlatan (level 5, -3/45 HPs)
             Began as a Deep Dwarf Artificer on Feb 19, 2017.
             Slain by Duvessa
             ... wielding a +0 short sword
              (6 damage)
             ... on level 4 of the Dungeon.
             The game lasted 00:09:48 (2439 turns).

Gorglomux the Charlatan (Deep Dwarf Artificer)      Turns: 2439, Time: 00:09:48

Health: -3/45      AC:  6    Str: 16    XL:     5   Next: 96%
Magic:  9/9        EV: 12    Int: 11    God:
Gold:   166        SH:  0    Dex: 14    Spells: 0 memorised, 4 levels left

rFire  . . .     SeeInvis .     z - +1 hand axe (pain)
rCold  . . .     Gourm    .     T - +1 ring mail
rNeg   . . .     Faith    .     (no shield)
rPois  .         Spirit   .     (no helmet)
rElec  .         Reflect  .     (no cloak)
rCorr  .         Harm     .     (no gloves)
MR     +....     Rnd*Tele +     (no boots)
Stlth  +.........               (no amulet)
                                t - ring of teleportation
                                m - ring of protection from magic

@: non-regenerating
A: damage resistance, recharge devices, sense surroundings 1, slow regeneration
3
a: Device Recharging


You were on level 4 of the Dungeon.
You were not hungry.

You visited 1 branch of the dungeon, and saw 4 of its levels.

You collected 166 gold pieces.

Inventory:

Hand Weapons
 a - a +0 short sword
 z - a +1 hand axe of pain (weapon)
 G - a +2 dagger of venom
 W - a +2 short sword of venom
Missiles
 D - 4 tomahawks (quivered)
 Y - 23 poisoned needles
 Z - 2 throwing nets
Armour
 b - a +0 leather armour
 T - a +1 ring mail (worn)
Magical Staves
 C - an uncursed staff of summoning {unknown}
Jewellery
 m - a ring of protection from magic (left hand)
 t - a ring of teleportation (right hand)
Wands
 c - a wand of flame (11/48)
 e - a wand of random effects (12/48)
 h - a wand of heal wounds (3/9)
 E - a wand of enslavement (11/24)
Scrolls
 F - a scroll of immolation
 J - a scroll of random uselessness
 N - a scroll of blinking {unknown}
 O - a scroll of remove curse
 S - a scroll of fear {unknown}
 U - a scroll of enchant weapon
 V - a scroll of magic mapping {unknown}
 X - a scroll of enchant armour
Potions
 A - 2 potions of berserk rage {unknown}
 H - 3 potions of curing
 I - 3 potions of haste
 K - 2 potions of flight
 P - a potion of brilliance {unknown}
 Q - a potion of heal wounds {unknown}
Comestibles
 g - 3 bread rations
 B - a chunk of flesh
 L - 2 meat rations
 M - a slice of pizza


   Skills:
 - Level 2.0 Fighting
 - Level 0.8 Short Blades
 + Level 3.0 Axes
 - Level 2.2 Armour
 - Level 3.0 Dodging
 - Level 1.2 Stealth
 - Level 6.0 Evocations


You had 4 spell levels left.
You didn't know any spells.

Dungeon Overview and Level Annotations

Branches:
Dungeon (4/15)
 Temple: D:4-7

Altars:

Annotations:
D:4 Duvessa


Innate Abilities, Weirdness & Mutations

You are resistant to damage.
You can recharge devices by infusing magical energy.
You passively map a small area around you.
You do not regenerate.


Message History

Duvessa is severely wounded.
Duvessa is no longer paralysed.
Duvessa misses you.
You hit Duvessa.
Duvessa is severely wounded.
Duvessa hits you but does no damage.
Evoke which item? (* to show all) (? for menu, Esc to quit)
Zapping:
c - a wand of flame (13/48)
Press: ? - help, Shift-Dir - straight line, f/p - Duvessa
Aim: Duvessa, wielding a short sword and wearing a scale mail (severely wounded, unusually strong)
The puff of flame hits Duvessa.
Duvessa is almost dead.
This wand has 12 charges left.
Duvessa closely misses you.
Evoke which item? (* to show all) (? for menu, Esc to quit)
Zapping:
c - a wand of flame (12/48)
Press: ? - help, Shift-Dir - straight line, f/p - Duvessa
Aim: Duvessa, wielding a short sword and wearing a scale mail (almost dead, unusually strong)
The puff of flame hits Duvessa.
Duvessa is almost dead.
This wand has 11 charges left.
Duvessa hits you with a short sword!
You die...

, * #.# , , #.#
**#.# * , #.# *
#.# , #.# #.# *
#.# * .., ,* #@#
#[ *#.# #e# #. #.#
#.# #.* #.# #.#
#.* #.# #.# #. #.#
#.# #####.#####.#
#.#
......†.....####.#
####..)..........#


You could see Duvessa.

Vanquished Creatures
  Dowan (D:4)
  A howler monkey (D:3)
  2 adders (D:3)
  2 gnolls (D:3)
  An adder skeleton (D:4)
  A worm (D:3)
  3 dart slugs
  2 leopard geckos (D:1)
  11 orcs (D:3)
  A ball python (D:3)
  7 giant cockroaches
  19 goblins
  11 hobgoblins
  9 jackals
  6 bats
  8 frilled lizards
  9 kobolds
  3 rats
97 creatures vanquished.

Vanquished Creatures (collateral kills)
  2 gnolls (D:3)
2 creatures vanquished.

Grand Total: 99 creatures vanquished

Notes
Turn   | Place    | Note
-------+----------+-------------------------------------------
     0 | D:1      | Gorglomux the Deep Dwarf Artificer began the quest for the Orb.
     0 | D:1      | Reached XP level 1. HP: 16/16 MP: 3/3
   127 | D:1      | Reached skill level 1 in Fighting
   221 | D:1      | Reached XP level 2. HP: 23/25 MP: 5/5
   570 | D:1      | Reached skill level 5 in Evocations
   683 | D:1      | Reached XP level 3. HP: 23/32 MP: 6/6
  1494 | D:3      | Reached skill level 1 in Armour
  1494 | D:3      | Reached XP level 4. HP: 38/39 MP: 8/8
  1779 | D:3      | Reached XP level 5. HP: 36/45 MP: 9/9
  2063 | D:3      | Reached skill level 3 in Dodging
  2089 | D:3      | Reached skill level 6 in Evocations
  2273 | D:3      | Reached skill level 1 in Axes
  2370 | D:4      | Noticed Dowan
  2381 | D:4      | Killed Dowan
  2381 | D:4      | Reached skill level 3 in Axes
  2385 | D:4      | Noticed Duvessa
  2439 | D:4      | Slain by Duvessa

Skill      XL: |  1  2  3  4  5 |
---------------+----------------+-----
Fighting       | 1 2 |  2.0
Evocations     | 5 6 |  6.0
Armour         | 1 2 |  2.2
Dodging        | 3 |  3.0
Axes           | 3 |  3.0
Short Blades   | |  0.8
Stealth        | |  1.2

Action                   |  1- 3 |  4- 6 || total
-------------------------+-------+-------++-------
Melee: Short sword       |    87 |    98 ||   185
       Dagger            |    47 |       ||    47
       Hand axe          |       |    63 ||    63
Throw: Tomahawk          |     1 |     7 ||     8
Evoke: Wand              |     2 |    11 ||    13
  Use: Scroll            |     6 |     2 ||     8
 Stab: Sleeping          |     3 |       ||     3
       Paralysed         |       |    11 ||    11
  Eat: Chunk             |     2 |     3 ||     5
Armor: Leather armour    |    19 |       ||    19
       Ring mail         |     9 |    48 ||    57
Dodge: Dodged            |    68 |    96 ||   164
